 Dungeon Crawl Stone Soup version 0.31-a0-1395-g7c67ea8c80 (webtiles) character file.

Game seed: 17220895009918484192

2517 Conn the Sneak (level 9, -3/57 HPs)
             Began as an Octopode Fire Elementalist on Dec 25, 2023.
             Was an Initiate of Sif Muna.
             Slain by jotaen's ghost (8 damage)
             ... on level 5 of the Dungeon.
             The game lasted 00:28:31 (6071 turns).

Conn the Sneak (Octopode Fire Elementalist)         Turns: 6071, Time: 00:28:35

Health: -3/57      AC:  1    Str:  8    XL:     9   Next: 54%
Magic:  15/15      EV: 19    Int: 21    God:    Sif Muna [......]
Gold:   253        SH:  9    Dex: 12    Spells: 3/16 levels left

rFire   + . .        b - staff of fire
rCold   . . .        (no shield)
rNeg    . . .        (helmet restricted)
rPois   .            p - amulet of reflection
rElec   .            m - +5 ring of evasion
rCorr   .            (no ring)
SInv    .            (no ring)
Will    .....        (no ring)
Stlth   ++++         (no ring)
HPRegen 0.29/turn    (no ring)
MPRegen 0.14/turn    (no ring)
                     (no ring)

%: reflection
@: very slightly contaminated
A: almost no armour, amphibious, 8 rings, camouflage 1, gelatinous body 1,
(nimble swimmer 1), tentacles, tentacle spike 1, large bone plates 1, subdued
magic 1
a: Renounce Religion


You were on level 5 of the Dungeon.
You worshipped Sif Muna.
Sif Muna was noncommittal.
You visited 2 branches of the dungeon, and saw 7 of its levels.
You also visited: Sewer.

You collected 331 gold pieces.
You spent 78 gold pieces at shops.

Inventory:

Hand Weapons
 a - a +3 dagger
 c - a +0 dagger
 h - a +1 dagger of venom
Missiles
 A - 3 curare-tipped darts
Magical Staves
 b - a staff of fire (weapon)
Jewellery
 j - an amulet of regeneration
 m - a +5 ring of evasion (left tentacle)
 p - an amulet of reflection (around mantle)
Wands
 q - a wand of mindburst (5)
 x - a wand of charming (9)
 C - a wand of acid (7)
Scrolls
 d - a scroll of poison
 i - 3 scrolls of enchant armour
 n - a scroll of vulnerability
 r - a scroll of brand weapon {unknown}
 s - a scroll of amnesia {unknown}
 t - a scroll of acquirement {unknown}
 u - a scroll of enchant weapon {unknown}
 w - a scroll of fear {unknown}
 y - a scroll of blinking {unknown}
 B - 2 scrolls of teleportation {unknown}
Potions
 g - a potion of enlightenment
 l - 4 potions of cancellation


   Skills:
 + Level 3.5 Fighting
 - Level 3.0 Staves
 + Level 4.7 Dodging
 + Level 6.8 Stealth
 + Level 4.2 Spellcasting
 + Level 5.4 Conjurations
 - Level 3.0 Hexes
 + Level 5.1 Fire Magic
 + Level 2.8 Air Magic
 + Level 3.0 Alchemy
 + Level 0.0 Invocations


You had 3 spell levels left.
You knew the following spells:

 Your Spells              Type           Power      Damage    Failure   Level
a - Foxfire               Conj/Fire      100%       2x1d9     1%          1
b - Scorch                Fire           60%        2d7       1%          2
c - Inner Flame           Hex/Fire       24%        N/A       5%          3
d - Flame Wave            Conj/Fire      30%        2d9       11%         4
e - Mephitic Cloud        Conj/Alch/Air  15%        N/A       6%          3

Your spell library contained the following spells:

 Spells                   Type           Power      Damage    Failure   Level
 Mercury Vapours          Alch/Air       24%        N/A       4%          2
 Volatile Blastmotes      Fire/Tloc      34%        2d12      10%         3
 Summon Guardian Golem    Hex/Summ       8%         N/A       16%         3
 Freezing Cloud           Conj/Ice/Air   6%         6-21      67%         5
 Orb of Destruction       Conj           10%        9d6       100%        7
 Spellforged Servitor     Conj/Summ      6%         N/A       100%        7


Dungeon Overview and Level Annotations

Branches:
Dungeon (6/15)             Temple (1/1) D:4           Sewer (visited)

Altars:
Ashenzari
Cheibriados
Dithmenos
Elyvilon
Fedhas
Gozag
Kikubaaqudgha
Makhleb
Nemelex Xobeh
Okawaru
Ru
Sif Muna
Uskayaw
Wu Jian
Xom
Yredelemnul
Zin
The Shining One

Shops:
D:3 *   D:4 =   D:6 (

Annotations:
D:5 jotaen's ghost, novice MiFi


Innate Abilities, Weirdness & Mutations

You cannot wear most types of armour.
You are amphibious.
You can wear up to eight rings at the same time.
Your skin changes colour to match your surroundings (Stealth+).
Your rubbery body absorbs attacks. (AC +1, EV +1)
((You are camouflaged when in or above water. (Stealth+)))
You have tentacles for arms and can constrict up to eight enemies at once.
One of your tentacles bears a spike.
You are partially covered in large bone plates. (SH +4)
Your spells are a little easier to cast, but a little less powerful.


Message History

Press: ? - help, v - describe, . - travel
Here: jotaen's ghost (heavily damaged)
The floor.
Unknown command.
Unknown command.
Aiming: Corrosive Bolt
Press: ? - help, Shift-Dir - straight line, f - jotaen's ghost
Aim: jotaen's ghost (heavily damaged, 79% to hit)
The bolt of acid hits jotaen's ghost!
The acid corrodes jotaen's ghost!
Jotaen's ghost is severely damaged.
Jotaen's ghost barely misses you.
Okay, then.
Unknown command.
Unknown command.
Press: ? - help, v - describe, . - travel
Here: jotaen's ghost (severely damaged, covered in acid)
The floor.
Aiming: Corrosive Bolt
Press: ? - help, Shift-Dir - straight line, f/p - jotaen's ghost
Aim: jotaen's ghost (severely damaged, covered in acid, 79% to hit)
Okay, then.
Unknown command.
Unknown command.
Aiming: Mindburst
Press: ? - help, Shift-Dir - straight line, f/p - jotaen's ghost
Aim: jotaen's ghost (severely damaged, covered in acid, chance to affect: 41%)
Okay, then.
Unknown command.
Press: ? - help, v - describe, . - travel
Here: jotaen's ghost (severely damaged, covered in acid)
The floor.
Unknown command.
Unknown command.
Aiming: Corrosive Bolt
Press: ? - help, Shift-Dir - straight line, f/p - jotaen's ghost
Aim: jotaen's ghost (severely damaged, covered in acid, 79% to hit)
The bolt of acid hits jotaen's ghost!
Jotaen's ghost is almost destroyed.
Jotaen's ghost hits you!
You die...

#.##.... ##......#
###..###..#
#.....(.... ######
#.......... ##§.#§§
##.......... #§☼☼'§§
#........... #§§W#§§
#.........>.
#.#@#####..)........
#§§§§○§§○§§.........
###§☼☼○§○☼§.........
#☼§☼§○§§○..)......
###○###§§.#)......
######.☼###.☼.....####
#......☼§##..##...####
#......§§##..#........
#...........##.###....


You could see jotaen's ghost (corroded).

Vanquished Creatures
  A two-headed ogre (D:5)
  5 yaks (D:6)
  Duvessa (D:4)
  Pargi (Sewer)
  A black bear (D:5)
  An ogre (D:4)
  A phantom (D:5)
  A kobold brigand (Sewer)
  A brain worm (Sewer)
  A scorpion (D:4)
  Dowan (D:4)
  2 hounds (D:5)
  A gnoll bouda (D:5)
  3 iguanas
  2 orc wizards (D:4)
  Ijyb (D:5)
  12 gnolls
  7 adders
  2 river rats (D:3)
  3 worms
  A dart slug (D:2)
  13 orcs
  2 endoplasms (D:1)
  10 giant cockroaches
  3 hobgoblins
  15 kobolds
  2 quokkas
  11 ball pythons
  7 bats
  4 frilled lizards
  11 goblins
  4 rats
131 creatures vanquished.

Vanquished Creatures (collateral kills)
  A foxfire (D:5)
1 creature vanquished.

Vanquished Creatures (others)
  304 foxfires
304 creatures vanquished.

Grand Total: 436 creatures vanquished

Notes
Turn   | Place    | Note
-------+----------+-------------------------------------------
     0 | D:1      | Conn the Octopode Fire Elementalist began the quest for the
                  | Orb.
     0 | D:1      | Reached XP level 1. HP: 11/11 MP: 3/3
   149 | D:1      | Reached skill level 3 in Stealth
   149 | D:1      | Reached XP level 2. HP: 17/17 MP: 0/5
   152 | D:1      | Learned a level 2 spell: Scorch
   453 | D:1      | Reached XP level 3. HP: 21/21 MP: 3/6
   898 | D:1      | Learned a level 3 spell: Inner Flame
  1429 | D:2      | Reached XP level 4. HP: 27/27 MP: 7/7
  1941 | D:3      | Found a shadowy altar of Dithmenos.
  2106 | D:3      | Found a faded altar of an unknown god.
  2225 | D:3      | Found a broken altar of Ashenzari.
  2263 | D:3      | Reached skill level 4 in Stealth
  2275 | D:3      | Found a white marble altar of Elyvilon.
  2276 | D:3      | Found a glowing golden altar of the Shining One.
  2282 | D:3      | Found a burning altar of Makhleb.
  2285 | D:3      | Found an ornate altar of the Wu Jian Council.
  2288 | D:3      | Found a shimmering altar of Xom.
  2292 | D:3      | Found a hide-covered altar of Uskayaw.
  2402 | D:3      | Found Gykuoh's Assorted Antiques.
  2410 | D:3      | Bought a scroll labelled RONICK FYNA for 26 gold pieces
  2410 | D:3      | Bought a scroll labelled IDWURY FYAGAIMU for 26 gold pieces
  2410 | D:3      | Bought a scroll labelled NUIMUTILUM for 26 gold pieces
  2451 | D:3      | Reached XP level 5. HP: 19/31 MP: 3/8
  2505 | D:3      | Found a glowing drain.
  2513 | Sewer    | Entered a sewer
  2597 | Sewer    | Noticed Pargi
  2603 | Sewer    | Reached skill level 1 in Hexes
  2608 | Sewer    | Killed Pargi
  2609 | Sewer    | Reached XP level 6. HP: 18/37 MP: 1/10
  2689 | Sewer    | Identified the +0 ring mail of Cubrir {Int+3 Slay+2}
  2701 | Sewer    | Reached skill level 1 in Fighting
  2701 | Sewer    | Reached skill level 1 in Staves
  3200 | D:3      | Learned a level 4 spell: Flame Wave
  3343 | D:4      | You fall into a shaft and drop 2 floors!
  3352 | D:6      | Noticed a yak
  3353 | D:6      | Noticed a yak
  3353 | D:6      | Noticed a yak
  3357 | D:6      | Killed a yak
  3358 | D:6      | Reached XP level 7. HP: 43/43 MP: 4/11
  3358 | D:6      | Killed a yak
  3358 | D:6      | Killed a yak
  3359 | D:6      | Reached skill level 5 in Stealth
  3362 | D:6      | Noticed a yak
  3363 | D:6      | Noticed a yak
  3369 | D:6      | Killed a yak
  3370 | D:6      | Reached XP level 8. HP: 50/50 MP: 1/13
  3371 | D:6      | Killed a yak
  3466 | D:6      | Learned a level 3 spell: Mephitic Cloud
  3518 | D:6      | Found Noptiw's Weapon Shop.
  3543 | D:5      | Entered Level 5 of the Dungeon
  4116 | D:4      | Reached skill level 1 in Alchemy
  4303 | D:4      | Reached skill level 1 in Air Magic
  4415 | D:4      | Found Gedeta's Jewellery Shoppe.
  4455 | D:4      | Noticed Dowan
  4456 | D:4      | Noticed Duvessa
  4594 | D:4      | Killed Duvessa
  4608 | D:4      | Killed Dowan
  4609 | D:4      | Reached skill level 6 in Stealth
  4609 | D:4      | Reached skill level 5 in Conjurations
  4609 | D:4      | Reached XP level 9. HP: 14/55 MP: 1/14
  4662 | D:4      | Found a staircase to the Ecumenical Temple.
  4702 | Temple   | Entered the Ecumenical Temple
  5042 | D:4      | Found a shimmering blue altar of Sif Muna.
  5115 | D:4      | Became a worshipper of Sif Muna the Loreminder
  5283 | D:5      | Noticed Ijyb
  5290 | D:5      | Killed Ijyb
  5530 | D:5      | Found an opulent altar of Gozag.
  5809 | D:5      | Found a runed translucent door.
  6049 | D:5      | Noticed jotaen's ghost (novice MiFi)
  6049 | D:5      | Noticed a two-headed ogre
  6060 | D:5      | Killed a two-headed ogre
  6061 | D:5      | Reached skill level 5 in Fire Magic
  6062 | D:5      | Gained mutation: Your spells are a little easier to cast,
                  | but a little less powerful. [potion of mutation]
  6062 | D:5      | Gained mutation: You are partially covered in large bone
                  | plates. (SH +4) [potion of mutation]
  6062 | D:5      | Gained mutation: One of your tentacles bears a spike.
                  | [potion of mutation]
  6071 | D:5      | Slain by jotaen's ghost

Illustrated notes

Levels and vault maps discovered:
D:1:      psy_arrival_dodecagon, layout_loops_cross, minmay_small_reverse_x
D:2:      layout_basic
D:3:      layout_loops_cross, grunt_dithmenos_smoke_and_mirrors,
          ashenzari_conservatory_becter, nicolae_overflow_hallway_of_the_gods,
          shapermc_ecumenical_altar_venn, serial_shops, shop,
          portal_sewer_entry_e, kennysheep_crisscross, chequers_arboretum
D:4:      layout_basic, lemuel_blue_sif_altar, minmay_temple_entry_slanted,
          serial_shops, shop, uniq_duvessa
D:5:      layout_rooms, mainiacjoe_overflow_boulevard,
          ebering_ghost_inner_flame, serial_bayou, serial_bayou_pond_e,
          serial_bayou_pond_e, serial_bayou_crossing, serial_bayou_pond_e,
          uniq_ijyb
D:6:      layout_loops_corners, serial_shops, shop
Temple:   hellmonk_temple_beads

Skill      XL: |  1  2  3  4  5  6  7  8  9 |
---------------+----------------------------+-----
Stealth        | 3 4 5 6 |  6.8
Conjurations   | 2 3 4 5 |  5.4
Hexes          | 1 2 3 |  3.0
Dodging        | 3 4 |  4.7
Fighting       | 1 2 3 |  3.5
Staves         | 1 2 3 |  3.0
Spellcasting   | 3 4 |  4.2
Fire Magic     | 4 5 |  5.1
Alchemy        | 2 3 |  3.0
Air Magic      | 1 2 |  2.8

Action                     |  1- 3 |  4- 6 |  7- 9 || total
---------------------------+-------+-------+-------++-------
  Melee: Unarmed           |     3 |       |       ||     3
         Constrict         |    10 |    15 |    10 ||    35
         Tentacles         |     3 |    12 |    13 ||    28
         Dagger            |    26 |    27 |    25 ||    78
         Staff             |       |    34 |     1 ||    35
         Punch             |       |       |     1 ||     1
  Throw: Dart              |       |       |     3 ||     3
   Cast: Foxfire           |    36 |    51 |    94 ||   181
         Scorch            |       |     7 |    21 ||    28
         Inner Flame       |       |     1 |     8 ||     9
         Mephitic Cloud    |       |       |     4 ||     4
         Flame Wave        |       |       |     1 ||     1
  Evoke: Wand              |       |     1 |     6 ||     7
    Use: Scroll            |       |     1 |     4 ||     5
         Potion            |       |       |    11 ||    11
   Stab: Sleeping          |     4 |     5 |       ||     9
         Confused          |       |       |     2 ||     2
 Armour: Skin              |    23 |    24 |    29 ||    76
  Dodge: Dodged            |    22 |    44 |    58 ||   124
  Block: Other             |       |    13 |    13 ||    26
         Reflection        |       |     1 |       ||     1

Table legend: (Time is in decaauts)
 A = Elapsed time spent in this place.
 B = Non-inter-level travel time spent in this place.
 C = Inter-level travel time spent in this place.
 D = Time resting spent in this place.
 E = Time spent auto-exploring this place.
 F = Levels seen in this place.
 G = Mean time per level.
                   A        B        C        D        E       F      G
               +--------+--------+--------+--------+--------+-----+--------+
         Total |   6063 |   5782 |    281 |    314 |   3765 |   8 |  757.9 |
       Dungeon |   5710 |   5429 |    281 |    245 |   3634 |   6 |  951.7 |
        Temple |     13 |     13 |      0 |      0 |      0 |   1 |   13.0 |
         Sewer |    338 |    338 |      0 |     69 |    131 |   1 |  338.0 |
               +--------+--------+--------+--------+--------+-----+--------+

Top non-repeatable levels by time:
     D:4: 1525 daAuts
     D:3: 1140 daAuts
     D:2: 982 daAuts
     D:1: 957 daAuts
     D:5: 905 daAuts
   Sewer: 338 daAuts
     D:6: 199 daAuts
  Temple: 13 daAuts
